 Dungeon Crawl Stone Soup version 0.30-a0-170-g85af917532 (webtiles) character file.

Game seed: 847773625602426188

212 qw the Chopper (level 5, -8/33 HPs)
             Began as a Gargoyle Fighter on Sept 30, 2022.
             Was an Initiate of Okawaru.
             Killed from afar by an acid dragon (17 damage)
             ... with a splash of acid
             ... on level 4 of the Dungeon.
             The game lasted 00:00:58 (2665 turns).

qw the Chopper (Gargoyle Fighter)                   Turns: 2665, Time: 00:00:58

Health: -8/33      AC: 16    Str: 21    XL:     5   Next: 89%
Magic:  5/5        EV:  7    Int:  9    God:    Okawaru [......]
Gold:   132        SH:  4    Dex:  9    Spells: 4/4 levels left

rFire   . . .      SeeInvis .    Y - +0 war axe
rCold   . . .      Faith    .    c - +0 buckler
rNeg    + . .      Spirit   .    k - +0 chain mail
rPois   inf        Reflect  .    (no helmet)
rElec   +          Harm     .    (no cloak)
rCorr   .          Rampage  .    i - +2 pair of gloves
Will    .....                    (no boots)
Stlth   ..........               (no amulet)
HPRegen 0.11/turn                (no ring)
MPRegen 0.09/turn                (no ring)

@: no status effects
A: sickness immunity, AC +4, negative energy resistance 1, electricity
resistance, torment resistance 1, petrification resistance
a: Renounce Religion


You were on level 4 of the Dungeon.
You worshipped Okawaru.
Okawaru was noncommittal.
You visited 1 branch of the dungeon, and saw 4 of its levels.

You collected 132 gold pieces.


Innate Abilities, Weirdness & Mutations

You are immune to sickness and miasma.
Your stone body is resilient. (AC +4)
You are immune to poison.
You resist negative energy. (rN+)
You are resistant to electric shocks. (rElec)
You are resistant to unholy torment.
You are immune to petrification.


   Skills:
 + Level 3.7 Fighting
 - Level 5.2 Axes
 - Level 3.2 Armour
 - Level 3.2 Shields


You had 4 spell levels left.
You didn't know any spells.
Your spell library was empty.

Inventory:

Hand Weapons
 n - a +0 flail
 Y - a +0 war axe (weapon)
Missiles
 h - 4 boomerangs (quivered)
Armour
 c - a +0 buckler (worn)
 i - a +2 pair of gloves (worn)
 k - a +0 chain mail (worn)
Scrolls
 a - a scroll of identify
Potions
 d - 3 potions of might
 f - a potion of cancellation {unknown}
 g - a potion of attraction
 j - a potion of heal wounds
 l - a potion of invisibility {unknown}
 m - a potion of curing

Dungeon Overview and Level Annotations

Branches:
Dungeon (4/15)
 Temple: D:4-7

Altars:
Okawaru
Wu Jian

Shops:
D:1 [


Message History

Throw: 4 boomerangs
Press: ? - help, Q - select action Shift-Dir - straight line, f - hobgoblin You throw a boomerang.
The boomerang hits the hobgoblin.
The hobgoblin is moderately wounded.
Throw: 4 boomerangs
Press: ? - help, Q - select action Shift-Dir - straight line, f/p - hobgoblin You throw a boomerang.
The boomerang hits the hobgoblin.
The hobgoblin is severely wounded.
Throw: 4 boomerangs
Press: ? - help, Q - select action Shift-Dir - straight line, f/p - hobgoblin You throw a boomerang.
The boomerang hits the hobgoblin.
The hobgoblin is almost dead.
You hit the hobgoblin.
You kill the hobgoblin!
Okawaru accepts your kill.
Found a spear.
You see here a +0 spear.
An acid dragon comes into view.
2659 ||| Stepping ~*~*~tactically~*~*~ (stealth).
The acid dragon roars!
The acid dragon spits acid at you. The splash of acid hits you!
You slash the acid dragon!
The acid dragon is moderately wounded.
The acid dragon bites you but does no damage.
The acid dragon claws you but does no damage.
You slash the acid dragon!
The acid dragon is almost dead.
The acid dragon bites you! The acid dragon claws you.
You hit the acid dragon but do no damage.
The acid dragon is almost dead.
You block the acid dragon's attack.
The acid dragon claws you but does no damage.
The acid dragon bites you. The acid dragon closely misses you.
You closely miss the acid dragon.
The acid dragon is almost dead.
The acid dragon spits acid at you. The splash of acid hits you!
Ouch! That really hurt!
You die...

#.######## ..#
#.#......#
####+###.#####
#.#.####.#
#.............
#...####.#
#.....:.......
####.)...#
#.............
##....####.............
###...................
##..###.#####.[....# #
##@# #.## #..###.. ...
##D# #..# #..###.#
#...#..###..####.).....
#......>......<###..
#...................
#....#####..#.....#####
...... #.########
###... ..# #### ###


You could see an acid dragon (catching breath).

Vanquished Creatures
  A centaur (D:3)
  Natasha (D:2)
  An orc wizard (D:3)
  An adder (D:3)
  A shadow imp (D:4)
  A worm (D:2)
  A dart slug (D:2)
  8 orcs
  9 ball pythons
  4 endoplasms
  4 goblins
  4 hobgoblins
  5 kobolds
  2 quokkas
  9 bats
  2 frilled lizards
  4 rats
58 creatures vanquished.

Vanquished Creatures (others)
  4 demonic plants (D:3)
  2 fungi (D:3)
  19 plants
  2 withered plants (D:3)
27 creatures vanquished.

Grand Total: 85 creatures vanquished

Notes
Turn   | Place    | Note
-------+----------+-------------------------------------------
     0 | D:1      | qw the Gargoyle Fighter began the quest for the Orb.
     0 | D:1      | Reached XP level 1. HP: 14/14 MP: 1/1
     0 | D:1      | 0 ||| qw: Version: 0.2-a-12-gaebbb33
     0 | D:1      | 0 ||| qw: Game counter: 1469
     0 | D:1      | 0 ||| qw: Always use a shield: true
     0 | D:1      | 0 ||| qw: God list: Okawaru
     0 | D:1      | 0 ||| qw: Allow faded altars: false
     0 | D:1      | 0 ||| qw: Do Orc after D:15 true
     0 | D:1      | 0 ||| qw: Do second Lair branch before Depths: true
     0 | D:1      | 0 ||| qw: Lair rune preference: random
     0 | D:1      | 0 ||| qw: Plans: Normal, Zot:1-4, God:TSO, Crypt, Tomb,
                  | Pan, Slime:5, Hells, Abyss, Orb
     0 | D:1      | 0 ||| PLANNING D:1-11
    47 | D:1      | Reached skill level 2 in Axes
    57 | D:1      | 57 ||| Stepping ~*~*~tactically~*~*~ (stealth).
    76 | D:1      | Reached XP level 2. HP: 18/19 MP: 2/2
   609 | D:1      | Found Vyohutreu's Antique Armour Shoppe.
   619 | D:1      | 619 ||| SHOPLISTING chain mail (108 gold, have 58).
   619 | D:1      | 619 ||| SHOPLISTING cloak (108 gold, have 58).
   619 | D:1      | 619 ||| SHOPLISTING pair of boots (108 gold, have 58).
   739 | D:1      | 739 ||| UPGRADING to +2 pair of gloves.
   744 | D:1      | 744 ||| READING 5 scrolls labelled DAWYVO MUPEDDE.
   745 | D:1      | 745 ||| DRINKING 2 smoky yellow potions.
   746 | D:1      | 746 ||| READING 4 scrolls of identify.
   746 | D:1      | 746 ||| IDENTIFYING smoky brown potion
   747 | D:1      | 747 ||| DROPPING potion of flight.
   815 | D:2      | Reached skill level 3 in Axes
   838 | D:2      | Reached XP level 3. HP: 23/23 MP: 3/3
  1070 | D:2      | 1070 ||| Stepping ~*~*~tactically~*~*~ (stealth).
  1071 | D:2      | 1071 ||| Stepping ~*~*~tactically~*~*~ (stealth).
  1158 | D:2      | Noticed Natasha
  1159 | D:2      | 1159 ||| Stepping ~*~*~tactically~*~*~ (hiding).
  1170 | D:2      | Killed Natasha
  1171 | D:2      | Reached XP level 4. HP: 19/28 MP: 4/4
  1565 | D:2      | 1565 ||| READING scroll labelled ATEUFE NEMU.
  1570 | D:2      | 1570 ||| READING scroll labelled OVEMEO ZOUT.
  1571 | D:2      | 1571 ||| READING scroll labelled TADASTR MITEG.
  1572 | D:2      | 1572 ||| DRINKING 2 bubbling red potions.
  1573 | D:2      | 1573 ||| READING 3 scrolls of identify.
  1573 | D:2      | 1573 ||| IDENTIFYING fuming inky potion
  1574 | D:2      | 1574 ||| READING 2 scrolls of identify.
  1574 | D:2      | 1574 ||| IDENTIFYING purple potion
  1575 | D:2      | 1575 ||| DROPPING potion of brilliance.
  1576 | D:2      | 1576 ||| DROPPING potion of degeneration.
  1609 | D:3      | 1609 ||| DROPPING +0 club.
  1773 | D:3      | 1773 ||| DRINKING 2 potions of curing.
  1773 | D:3      | 1773 ||| (to cure confusion)
  1776 | D:3      | Reached skill level 4 in Axes
  1789 | D:3      | 1789 ||| FLEEEEING.
  1790 | D:3      | 1790 ||| FLEEEEING.
  1791 | D:3      | 1791 ||| FLEEEEING.
  1792 | D:3      | 1792 ||| FLEEEEING.
  1793 | D:3      | 1793 ||| FLEEEEING.
  1794 | D:3      | 1794 ||| FLEEEEING.
  1795 | D:3      | 1795 ||| FLEEEEING.
  1796 | D:3      | 1796 ||| FLEEEEING.
  1797 | D:3      | 1797 ||| FLEEEEING.
  1798 | D:3      | 1798 ||| FLEEEEING.
  1799 | D:3      | 1799 ||| FLEEEEING.
  1800 | D:3      | 1800 ||| FLEEEEING.
  1801 | D:3      | 1801 ||| FLEEEEING.
  1802 | D:3      | 1802 ||| FLEEEEING.
  1803 | D:3      | 1803 ||| FLEEEEING.
  1804 | D:3      | 1804 ||| FLEEEEING.
  1805 | D:3      | 1805 ||| FLEEEEING.
  1806 | D:3      | 1806 ||| FLEEEEING.
  1807 | D:3      | 1807 ||| FLEEEEING.
  1808 | D:3      | 1808 ||| FLEEEEING.
  1809 | D:3      | 1809 ||| FLEEEEING.
  1810 | D:3      | 1810 ||| FLEEEEING.
  1811 | D:3      | 1811 ||| FLEEEEING.
  1812 | D:3      | 1812 ||| FLEEEEING.
  1813 | D:3      | 1813 ||| FLEEEEING.
  1815 | D:3      | 1815 ||| FLEEEEING.
  1816 | D:3      | 1816 ||| FLEEEEING.
  1818 | D:3      | 1818 ||| FLEEEEING.
  1819 | D:3      | 1819 ||| FLEEEEING.
  1820 | D:3      | 1820 ||| FLEEEEING.
  1821 | D:3      | 1821 ||| FLEEEEING.
  1822 | D:3      | 1822 ||| FLEEEEING.
  1823 | D:3      | 1823 ||| FLEEEEING.
  1824 | D:3      | 1824 ||| FLEEEEING.
  1825 | D:3      | 1825 ||| FLEEEEING.
  1826 | D:3      | 1826 ||| FLEEEEING.
  1827 | D:3      | 1827 ||| FLEEEEING.
  1828 | D:3      | 1828 ||| STAIRDANCE
  1897 | D:3      | 1897 ||| STAIRDANCE
  1914 | D:2      | 1914 ||| UPGRADING to +0 chain mail.
  1924 | D:2      | 1924 ||| DROPPING +0 scale mail.
  1925 | D:2      | 1925 ||| DRINKING 2 lumpy dark potions.
  1938 | D:3      | Noticed a centaur
  1939 | D:3      | 1939 ||| Stepping ~*~*~tactically~*~*~ (hiding).
  1944 | D:3      | Killed a centaur
  1945 | D:3      | Reached skill level 5 in Axes
  1945 | D:3      | Reached XP level 5. HP: 21/32 MP: 5/5
  2192 | D:3      | 2192 ||| DROPPING +0 mace.
  2220 | D:3      | Found a faded altar of an unknown god.
  2304 | D:3      | Found an ornate altar of the Wu Jian Council.
  2508 | D:3      | Found an iron altar of Okawaru.
  2509 | D:3      | 2509 ||| PLANNING OKAWARU WORSHIP
  2509 | D:3      | 2509 ||| READING scroll labelled SIESHR NULAMESI.
  2510 | D:3      | 2510 ||| READING scroll labelled NINKUBRU WUSY.
  2517 | D:3      | Became a worshipper of Warmaster Okawaru
  2518 | D:3      | 2518 ||| PLANNING D:1-11
  2573 | D:4      | 2573 ||| Stepping ~*~*~tactically~*~*~ (hiding).
  2575 | D:4      | 2575 ||| Stepping ~*~*~tactically~*~*~ (hiding).
  2658 | D:4      | Noticed an acid dragon
  2659 | D:4      | 2659 ||| Stepping ~*~*~tactically~*~*~ (stealth).
  2665 | D:4      | Killed from afar by an acid dragon

Levels and vault maps discovered:
D:1:      roderic_crop_circles_arrival_small, layout_basic, serial_shops, shop,
          dreamdust_princess_bridge
D:2:      layout_loops_ring, uniq_natasha
D:3:      layout_loops_cross, nzn_wu_jian_council_hall,
          mainiacjoe_overflow_alcove_2, shapermc_ecumenical_altar_gd
D:4:      layout_basic, grunt_temple_overflow_magic_moments,
          minmay_temple_entry_butterflies, gammafunk_ghost_arena,
          grunt_ministairs_12, dk_noncrumbling_2, uniq_grinder, uniq_sigmund

Skill      XL: |  1  2  3  4 |
---------------+-------------+-----
Axes           | 2 3 5 |  5.2
Fighting       | |  3.7
Armour         | |  3.2
Shields        | |  3.2

Action                   |  1- 3 |  4- 6 || total
-------------------------+-------+-------++-------
Melee: War axe           |    74 |    64 ||   138
Throw: Boomerang         |    22 |    20 ||    42
  Use: Scroll            |     2 |     7 ||     9
       Potion            |     1 |     3 ||     4
Armor: Scale mail        |    42 |    33 ||    75
       Chain mail        |       |    13 ||    13
Dodge: Dodged            |    27 |    42 ||    69
Block: Buckler           |     9 |    10 ||    19

Table legend:
 A = Non-vault XP
 B = Vault XP
 C = Vault XP percentage of total XP
 D = Non-vault monster count
 E = Vault monster count
 F = Vault count percentage of total count
                 A         B        C        D         E       F
            +---------+---------+-------+---------+---------+-------
      Total |     268 |      35 |  11.6 |      57 |       1 |   1.7
            +---------+---------+-------+---------+---------+-------
        D:1 |      28 |       0 |   0.0 |      18 |       0 |   0.0
        D:2 |      38 |      35 |  47.9 |      19 |       1 |   5.0
        D:3 |     186 |       0 |   0.0 |      17 |       0 |   0.0
        D:4 |      16 |       0 |   0.0 |       3 |       0 |   0.0
            +---------+---------+-------+---------+---------+-------
